AoeStats
← King Taco

Northern Isles

510428452Analyzed
1v1 RM · 16h ago on Oct 1, 2026· 42m 34s· 2 players
Game mode
Random Map
Map size
Tiny (2 player)
Population
200
Speed
Normal
Resources
Standard
Victory
Conquest
Starting age
Dark Age
Ending age
Imperial Age
RankedLock teamsTeams togetherTeam positionsShared explorationLock speedFull tech treeHidden civsTurbo modeCheats
Victory
Defeat
🇦🇷 Vikings · Argentina
1046
+16
🇲🇽 Malians · Mexico
1043
-16
King Taco
7:02 Loom
10:25 Feudal Age
10:30 Man-at-Arms
18:43 Double-Bit Axe
21:03 Wheelbarrow
20:28 Fletching
28:45 Castle Age
31:22 Bodkin Arrow
31:31 Padded Archer Armor
31:10 Demolition Ship
31:20 Crossbowman
31:57 Fishing Lines
Marpol
5:03 Loom
13:02 Feudal Age
13:59 Man-at-Arms
17:44 Fishing Lines
18:32 Town Watch
18:38 Double-Bit Axe
21:26 Fletching
33:23 Castle Age
31:40 Gold Mining
33:44 Light Cavalry
38:33 Crossbowman
39:42 Murder Holes
39:50 Gillnets
Connection lost

Rejoining the realm…

Still unreachable

The connection could not be restored.

Session expired

The server has moved on; the page needs a fresh start.